 Dungeon Crawl Stone Soup version 0.30-a0-883-g5ad918d77d (webtiles) character file.

Game seed: 15592843985888351695

777 BigDaddyOpFi the Magician (level 7, -6/36 HPs)
             Began as a Deep Elf Earth Elementalist on Mar 17, 2023.
             Mangled by Duvessa
             ... wielding a +0 short sword
              (17 damage)
             ... on level 4 of the Dungeon.
             The game lasted 00:07:20 (4724 turns).

BigDaddyOpFi the Magician (DEEE)                    Turns: 4724, Time: 00:07:20

Health: -6/36      AC:  4    Str:  5    XL:     7   Next: 54%
Magic:  4/18       EV: 13    Int: 22    God:
Gold:   235        SH:  0    Dex: 15    Spells: 14/18 levels left

rFire   + . .      SeeInvis .    a - +5 dagger (venom)
rCold   . . .      Faith    .    (no shield)
rNeg    . . .      Spirit   .    i - +0 robe {rF+}
rPois   .          Reflect  .    (no helmet)
rElec   .          Rampage  .    (no cloak)
rCorr   .                        p - +0 pair of gloves
Will    .....                    q - +0 pair of boots
Stlth   +++                      (no amulet)
HPRegen 0.26/turn                (no ring)
MPRegen 0.16/turn                (no ring)

@: very slightly contaminated
A: no striking features
a: no special abilities


You were on level 4 of the Dungeon.
You visited 1 branch of the dungeon, and saw 5 of its levels.
You also visited: Sewer.

You collected 235 gold pieces.

Inventory:

Hand Weapons
 a - a +5 dagger of venom (weapon)
 m - a +4 short sword of draining
Missiles
 c - 6 silver javelins
Armour
 i - a +0 robe of fire resistance (worn)
 p - a +0 pair of gloves (worn)
 q - a +0 pair of boots (worn)
Scrolls
 f - 2 scrolls of identify
 j - a scroll of teleportation
Potions
 b - a potion of magic
 d - 2 potions of resistance
 e - 3 potions of curing
 g - 2 potions of brilliance {unknown}
 h - a potion of lignification
 k - a potion of cancellation
 l - 2 potions of mutation {unknown}
 n - 2 potions of heal wounds {unknown}
 o - 2 potions of haste {unknown}


   Skills:
 + Level 2.9 Short Blades
 - Level 3.6 Dodging
 - Level 4.0 Stealth
 + Level 6.0 Spellcasting
 + Level 3.2 Conjurations
 - Level 2.7 Transmutations
 + Level 5.5 Earth Magic


You had 14 spell levels left.
You knew the following spells:

 Your Spells              Type           Power      Damage    Failure   Level
a - Sandblast             Erth           60%        2d14      1%          1
b - Stone Arrow           Conj/Erth      50%        3d10      4%          3

Your spell library contained the following spells:

 Spells                   Type           Power      Damage    Failure   Level
 Passwall                 Tmut/Erth      20%        N/A       2%          2
 Petrify                  Tmut/Erth      24%        N/A       17%         4
 Gell's Gravitas          Tloc           6%         N/A       26%         3
 Teleport Other           Tloc           6%         N/A       26%         3
 Lee's Rapid Deconstruct  Erth           15%        3d10*     26%         5
 Leda's Liquefaction      Hex/Erth       9%         N/A       28%         4
 Statue Form              Tmut/Erth      16%        N/A       95%         6
 Dispersal                Tloc           3%         N/A       100%        6


Dungeon Overview and Level Annotations

Branches:
Dungeon (5/15)              Sewer (visited)
 Temple: D:4-7

Altars:
Xom

Shops:
D:2 ?

Annotations:
D:4 Duvessa


Message History

Casting: Stone Arrow (dangerous; 4% risk of failure)
Confirm with . or Enter, or press ? or * to list all spells.
Aiming: Stone Arrow (dangerous; 4% risk of failure)
Press: ? - help, Shift-Dir - straight line, f/p - Dowan
Aim: Dowan, wielding a +2 dagger of holy wrath and wearing a +0 robe (severely wounded, 60% to hit)
You miscast Stone Arrow.
You are very lightly contaminated with residual magic.
Nothing appears to happen.
Dowan casts a spell at you. The puff of frost hits you!
Casting: Stone Arrow (dangerous; 4% risk of failure)
Confirm with . or Enter, or press ? or * to list all spells.
Aiming: Sandblast (safe; 1% risk of failure)
Press: ? - help, Shift-Dir - straight line, f/p - Dowan
Aim: Dowan, wielding a +2 dagger of holy wrath and wearing a +0 robe (severely wounded, 78% to hit)
The blast of sand hits Dowan!
You kill Dowan!
Duvessa weeps, and shakes her weapon.
Duvessa goes berserk!
Your Spellcasting skill increases to level 6!
Casting: Sandblast (safe; 1% risk of failure)
Confirm with . or Enter, or press ? or * to list all spells.
Aiming: Sandblast (safe; 1% risk of failure)
Press: ? - help, Shift-Dir - straight line, f - Duvessa
Aim: Duvessa, wielding a +0 short sword and wearing a +0 leather armour (berserk, 86% to hit)
The blast of sand hits Duvessa!
Duvessa is moderately wounded.
Duvessa hits you with a +0 short sword! x2
Casting: Sandblast (safe; 1% risk of failure)
Confirm with . or Enter, or press ? or * to list all spells.
Aiming: Stone Arrow (dangerous; 4% risk of failure)
Press: ? - help, Shift-Dir - straight line, f/p - Duvessa
Aim: Duvessa, wielding a +0 short sword and wearing a +0 leather armour (moderately wounded, berserk, 75% to hit)
The stone arrow hits Duvessa.
Duvessa is moderately wounded.
Duvessa hits you with a +0 short sword!
* * * LOW HITPOINT WARNING * * *
Unknown command.
You feel better. Duvessa hits you with a +0 short sword!
You die...

#.# #.##.## ##.######. #.#
#.#.## ##.[..... #.#
#.##.## ##.#####..
###.###.##..###.#.####..
##....#...#.#......†.....
##...#..#.#..##.###.#)##..
#.#.#.#......##.# #.##.#..
##...#..#.#.###.###.###...
##....)#e@.####.....##.###
##.#.#...........#.###.....
#.###......#######..#.#####
##.#.#####.######....##
##..#####........#.##
#.....#.#.#####...#
#.###.## # #...## #.# #.#
#.#.# #.# #.# #.#.#


You could see Duvessa (berserk).

Vanquished Creatures
  2 phantoms
  A bullfrog (D:4)
  A scorpion (D:5)
  Dowan (D:4)
  3 hounds
  Jessica (D:2)
  An iguana (D:5)
  Natasha (thrice) (D:2)
  6 adders
  8 gnolls
  An ufetubus (D:5)
  3 worms
  2 dart slugs
  8 orcs
  8 ball pythons
  7 bats
  7 endoplasms
  4 giant cockroaches
  6 goblins
  3 hobgoblins
  4 jackals (D:4)
  13 kobolds
  4 quokkas
  3 frilled lizards
  10 rats
110 creatures vanquished.

Notes
Turn   | Place    | Note
-------+----------+-------------------------------------------
     0 | D:1      | BigDaddyOpFi the Deep Elf Earth Elementalist began the
                  | quest for the Orb.
     0 | D:1      | Reached XP level 1. HP: 10/10 MP: 6/6
   240 | D:1      | Reached XP level 2. HP: 15/15 MP: 2/8
  1063 | D:2      | Reached XP level 3. HP: 19/19 MP: 4/9
  1148 | D:2      | Noticed Natasha
  1151 | D:2      | Killed Natasha
  1186 | D:2      | Noticed Jessica
  1187 | D:2      | Found Ofyav's Magic Scroll Boutique.
  1190 | D:2      | Killed Jessica
  1191 | D:2      | Reached XP level 4. HP: 24/24 MP: 7/11
  1463 | D:2      | Noticed Natasha
  1468 | D:2      | Killed Natasha
  1525 | D:2      | Noticed Natasha
  1531 | D:2      | Killed Natasha
  1532 | D:2      | Reached skill level 4 in Spellcasting
  1593 | D:2      | Reached XP level 5. HP: 25/28 MP: 9/13
  2086 | D:3      | Learned a level 3 spell: Stone Arrow
  2819 | D:4      | Reached skill level 1 in Conjurations
  2979 | D:4      | Noticed Dowan
  2981 | D:4      | Noticed Duvessa
  3008 | D:5      | Entered Level 5 of the Dungeon
  3051 | D:5      | Reached skill level 1 in Short Blades
  3051 | D:5      | Reached XP level 6. HP: 20/32 MP: 11/15
  3326 | D:5      | Reached skill level 5 in Spellcasting
  3453 | D:5      | Reached skill level 5 in Earth Magic
  3464 | D:5      | Found a glowing drain.
  3473 | D:5      | Reached XP level 7. HP: 22/36 MP: 10/17
  3487 | Sewer    | Entered a sewer
  4024 | D:5      | Found a shimmering altar of Xom.
  4721 | D:4      | Killed Dowan
  4722 | D:4      | Reached skill level 6 in Spellcasting
  4724 | D:4      | Mangled by Duvessa

Illustrated notes

Levels and vault maps discovered:
D:1:      dpeg_arrival_oval, layout_basic, serial_forest,
          infiniplex_forest_clump_tiny, infiniplex_forest_end_2,
          infiniplex_forest_clump_curved, infiniplex_forest_zigzag_1,
          infiniplex_forest_clump_diagonal, infiniplex_forest_end_double,
          infiniplex_forest_lined_1
D:2:      layout_loops_ring, serial_shops, nicolae_shop_hallway_plus,
          uniq_natasha, uniq_jessica
D:3:      layout_basic
D:4:      layout_loops_ring, minmay_temple_entry_statues, uniq_duvessa
D:5:      layout_loops_cross, general_overflow_altar, portal_sewer_entry_b,
          minmay_misc_feat_square

Skill      XL: |  1  2  3  4  5  6  7 |
---------------+----------------------+-----
Stealth        | 3 4 |  4.0
Dodging        | 3 |  3.6
Transmutations | 2 |  2.7
Spellcasting   | 4 5 6 |  6.0
Earth Magic    | 4 5 |  5.5
Conjurations   | 1 2 3 |  3.2
Short Blades   | 1 2 |  2.9

Action                     |  1- 3 |  4- 6 |  7- 9 || total
---------------------------+-------+-------+-------++-------
  Melee: Dagger            |     2 |     5 |     5 ||    12
   Cast: Sandblast         |    41 |    88 |    47 ||   176
         Stone Arrow       |       |       |     3 ||     3
    Use: Scroll            |     4 |    10 |       ||    14
         Potion            |       |       |     1 ||     1
   Stab: Sleeping          |     1 |       |       ||     1
 Armour: Robe              |     4 |     5 |     5 ||    14
  Dodge: Dodged            |     9 |    20 |    27 ||    56

Table legend: (Time is in decaauts)
 A = Elapsed time spent in this place.
 B = Non-inter-level travel time spent in this place.
 C = Inter-level travel time spent in this place.
 D = Time resting spent in this place.
 E = Time spent auto-exploring this place.
 F = Levels seen in this place.
 G = Mean time per level.
                   A        B        C        D        E       F      G
               +--------+--------+--------+--------+--------+-----+--------+
         Total |   4847 |   4728 |    119 |    190 |   3364 |   6 |  807.8 |
       Dungeon |   4370 |   4251 |    119 |     34 |   3191 |   5 |  874.0 |
         Sewer |    476 |    476 |      0 |    156 |    173 |   1 |  476.0 |
               +--------+--------+--------+--------+--------+-----+--------+

Top non-repeatable levels by time:
     D:1: 1035 daAuts
     D:3: 992 daAuts
     D:5: 829 daAuts
     D:2: 776 daAuts
     D:4: 736 daAuts
   Sewer: 476 daAuts
